[Event "Titled Tuesday Blitz February 14 Early 2023"]
[White "Bodnaruk, Anastasia"]
[Black "Gonzalez, Francisco Silva"]
[WhiteFideId "4181751"]
[BlackFideId "1512285"]
[WhiteElo "2350"]
[BlackElo "2021"]
[Result "1/2-1/2"]
[Round "01"]
[TimeControl "180+2"]
[Date "2023.02.15"]
[WhiteClock "0:00:03"]
[BlackClock "0:00:09"]

1. e4 e5 2. Nf3 Nc6 3. Bc4 Bc5 4. d3 Nf6 5. Bg5 h6 6. Bh4 g5 7. Bg3 d6 8. c3 a6 9. Bb3 Bg4 10. Nbd2 Ba7 11. Nf1 Ne7 12. Ne3 Bh5 13. h4 Ng6 14. Nf5 Kf8 15. hxg5 hxg5 16. Qd2 Bxf3 17. Rxh8+ Nxh8 18. gxf3 Nh5 19. O-O-O Qf6 20. Rh1 Nf4 21. Rh7 c6 22. Qd1 d5 23. Bxf4 exf4 24. Qh1 Ng6 25. Qh6+ Ke8 26. Ng7+ Kd7 27. Nh5 Qe7 28. Qg7 Rf8 29. Nf6+ Kd6 30. d4 Kc7 31. Qxg6 Kd8 32. Qxg5 Bb8 33. e5 b5 34. Rg7 Kc7 35. Rg8 Kb7 36. Rxf8 Qxf8 37. Nd7 Qh8 38. Nxb8 Qh1+ 39. Bd1 Kxb8 40. Qg8+ Kb7 41. Qxf7+ Kb6 42. Qxf4 Qe1 43. Qf5 Qxf2 44. Qd3 Qe1 45. Qe2 Qg1 46. e6 Qg5+ 47. Kb1 Qg6+ 48. Bc2 Qg1+ 49. Bd1 Qg6+ 50. Bc2 Qg1+ 51. Qd1 Qg6 52. Bxg6 c5 53. e7 cxd4 54. e8=Q dxc3 55. Qxd5 Ka5 56. b4+ Kxb4 57. Qee4+ Ka5 58. Qed4 c2+ 59. Kc1 1/2-1/2


[Site "https://www.chess.com"]

[Event "Titled Tuesday Blitz February 14 Early 2023"]
[White "Ciuffoletti, Paolo"]
[Black "Gjestemoen-VonHirsch, Andre"]
[WhiteFideId "807630"]
[BlackFideId "1539531"]
[WhiteElo "2106"]
[BlackElo "2314"]
[Result "0-1"]
[Round "01"]
[TimeControl "180+2"]
[Date "2023.02.15"]
[WhiteClock "0:00:54"]
[BlackClock "0:01:37"]

1. e4 Nf6 2. e5 Nd5 3. c4 Nb6 4. d4 d6 5. f4 dxe5 6. fxe5 c5 7. d5 g6 8. Nf3 Bg7 9. Nc3 Bg4 10. Be2 Bxf3 11. Bxf3 Bxe5 12. Bh6 N8d7 13. O-O Nxc4 14. Bg4 Nxb2 15. Ne4 Nxd1 0-1


[Site "https://www.chess.com"]

[Event "Titled Tuesday Blitz February 14 Early 2023"]
[White "Hirneise, Jens"]
[Black "SicilianPanzer"]
[WhiteFideId "24614734"]
[WhiteElo "2277"]
[BlackElo "2240"]
[Result "1-0"]
[Round "01"]
[TimeControl "180+2"]
[Date "2023.02.15"]
[WhiteClock "0:02:27"]
[BlackClock "0:01:45"]

1. e4 g6 2. h4 Nf6 3. e5 Nh5 4. d4 d6 5. Nf3 Bg4 6. Be2 dxe5 7. Nxe5 Bxe2 8. Qxe2 Qxd4 9. Qb5+ c6 10. Qxb7 Qxe5+ 11. Be3 Bh6 12. Qc8# 1-0


[Site "https://www.chess.com"]

[Event "Titled Tuesday Blitz February 14 Early 2023"]
[White "Tinmaz, Kerem"]
[Black "Principe, Gerson"]
[WhiteFideId "44559151"]
[BlackFideId "3804550"]
[WhiteElo "2177"]
[BlackElo "2226"]
[Result "1-0"]
[Round "01"]
[TimeControl "180+2"]
[Date "2023.02.15"]
[WhiteClock "0:00:25"]
[BlackClock "0:00:08"]

1. e4 c5 2. Nc3 e6 3. Nf3 Nc6 4. d4 cxd4 5. Nxd4 Nf6 6. Ndb5 Bb4 7. a3 Bxc3+ 8. Nxc3 d5 9. exd5 exd5 10. Bd3 O-O 11. O-O d4 12. Ne2 Re8 13. Bg5 h6 14. Bh4 g5 15. Bg3 Ne4 16. f3 Nc5 17. b4 Nxd3 18. Qxd3 Bf5 19. Qxf5 Rxe2 20. Rfe1 Re3 21. Bf2 Rxe1+ 22. Rxe1 a6 23. h4 Kg7 24. Re4 Qf6 25. Qd7 Rd8 26. Qxb7 d3 27. cxd3 Rxd3 28. hxg5 hxg5 29. Qxa6 Rd1+ 30. Re1 Rxe1+ 31. Bxe1 Qd4+ 32. Bf2 Qd1+ 33. Kh2 Qd6+ 34. Bg3 Qd5 35. Qe2 Nd4 36. Qe4 1-0


[Site "https://www.chess.com"]

[Event "Titled Tuesday Blitz February 14 Early 2023"]
[White "Alinasab, Mobina"]
[Black "Meera, Sai"]
[WhiteFideId "12528897"]
[BlackFideId "5004357"]
[WhiteElo "2347"]
[BlackElo "2064"]
[Result "1-0"]
[Round "01"]
[TimeControl "180+2"]
[Date "2023.02.15"]
[WhiteClock "0:00:21"]
[BlackClock "0:00:01"]

1. e4 e5 2. Nf3 Nc6 3. Bb5 a6 4. Ba4 Nf6 5. O-O Bc5 6. Bxc6 dxc6 7. Nxe5 O-O 8. d3 Qe7 9. Nc4 Bg4 10. Qe1 Rfe8 11. Be3 Rad8 12. Bxc5 Qxc5 13. Ne3 Be6 14. Nc3 b5 15. a3 a5 16. Kh1 Bc8 17. f3 Qh5 18. Qf2 b4 19. axb4 axb4 20. Ne2 c5 21. Nf4 Qh6 22. Nfd5 Nxd5 23. Nxd5 Re5 24. g3 c6 25. Ne3 Bh3 26. Rfe1 Be6 27. f4 Rh5 28. f5 Bc8 29. Re2 Qd6 30. Nc4 Qc7 31. Qxc5 Qxg3 32. Qf2 Qh3 33. Rg1 g6 34. Qg3 Qxg3 35. Rxg3 Kg7 36. Rf2 f6 37. fxg6 hxg6 38. Rgf3 Rdh8 39. Rxf6 Rxh2+ 40. Rxh2 Rxh2+ 41. Kxh2 Kxf6 42. Kg3 Be6 43. Ne3 Ke5 44. c3 bxc3 45. bxc3 c5 46. Kf3 g5 47. Nf1 Bb3 48. Ke3 g4 49. d4+ cxd4+ 50. cxd4+ Kf6 51. Kf4 Be6 52. Ne3 g3 53. Kxg3 Kg5 54. Ng2 Bb3 55. Kf3 Bd1+ 56. Ke3 Bc2 57. d5 Kf6 58. Kf4 Bb3 59. e5+ Ke7 60. Ke4 Bc2+ 61. Kd4 Bf5 62. Nf4 Bg4 63. Kc5 Bf5 64. d6+ Kd7 65. Kd5 Bg4 66. e6+ Ke8 67. d7+ Kd8 68. Kd6 Bf5 69. e7# 1-0


[Site "https://www.chess.com"]

[Event "Titled Tuesday Blitz February 14 Early 2023"]
[White "Smietanska, Wiktoria"]
[Black "Vovk, Orest"]
[WhiteFideId "21869359"]
[BlackFideId "14113490"]
[WhiteElo "1936"]
[BlackElo "2315"]
[Result "0-1"]
[Round "01"]
[TimeControl "180+2"]
[Date "2023.02.15"]
[WhiteClock "0:00:01"]
[BlackClock "0:00:56"]

1. c4 g5 2. d4 h6 3. Nc3 Bg7 4. e4 c5 5. d5 Bxc3+ 6. bxc3 d6 7. h4 Qa5 8. Bd2 g4 9. f3 Nf6 10. Be2 Nbd7 11. Qc2 gxf3 12. Nxf3 Ng4 13. O-O Rg8 14. Nh2 Nde5 15. Nxg4 Bxg4 16. Bxg4 Rxg4 17. Bxh6 Rxh4 18. Bg5 Rg4 19. Bf4 Ng6 20. Be3 f6 21. Qe2 Rxe4 22. Qd3 Rg4 23. Qf5 Ne5 24. Qh5+ Kd7 25. Rab1 b6 26. Qf5+ Kc7 27. Qe6 Rg7 28. Bf4 Qxc3 29. Bxe5 Qxe5 30. Rbe1 Qd4+ 31. Rf2 Rag8 32. Kf1 Qxc4+ 33. Ree2 Rh8 34. Ke1 Qc1# 0-1


[Site "https://www.chess.com"]

[Event "Titled Tuesday Blitz February 14 Early 2023"]
[White "Berezin, Viktor"]
[Black "lisjakzlatko1"]
[WhiteFideId "14107872"]
[WhiteElo "2307"]
[BlackElo "2220"]
[Result "1-0"]
[Round "01"]
[TimeControl "180+2"]
[Date "2023.02.15"]
[WhiteClock "0:00:54"]
[BlackClock "0:00:05"]

1. d4 d6 2. c4 e5 3. g3 Nd7 4. Bg2 Ngf6 5. Nc3 Be7 6. Nf3 O-O 7. O-O c6 8. h3 e4 9. Ne1 d5 10. f3 exf3 11. Nxf3 Re8 12. Qc2 Bf8 13. Kh2 dxc4 14. e4 Nb6 15. e5 Nfd5 16. Ng5 g6 17. Rxf7 Bg7 18. Rf1 Nb4 19. Qe2 Qxd4 20. Nf3 Qd3 21. Qf2 N6d5 22. Bd2 Rf8 23. Rad1 Qf5 24. Nxd5 Nxd5 25. Rde1 Be6 26. Qc5 Rac8 27. Bc1 Qxe5 28. Nxe5 Rxf1 29. Bxf1 b6 30. Qd6 Re8 31. Bxc4 Bf8 32. Qxc6 1-0


[Site "https://www.chess.com"]

[Event "Titled Tuesday Blitz February 14 Early 2023"]
[White "Zaksaite, Salomeja"]
[Black "Melian, Juan Sebastian"]
[WhiteFideId "12801496"]
[BlackFideId "3706575"]
[WhiteElo "2283"]
[BlackElo "2293"]
[Result "1-0"]
[Round "01"]
[TimeControl "180+2"]
[Date "2023.02.15"]
[WhiteClock "0:00:44"]
[BlackClock "0:00:36"]

1. e4 c5 2. Nf3 e6 3. d4 cxd4 4. Nxd4 a6 5. Nc3 b5 6. Bd3 Bb7 7. Qe2 Nc6 8. Nb3 Qc7 9. Bd2 Be7 10. O-O Nf6 11. Rfe1 d6 12. a4 b4 13. Na2 d5 14. e5 Nd7 15. f4 O-O 16. Kh1 Rfe8 17. Qg4 Nf8 18. Rf1 f5 19. exf6 Bxf6 20. Nxb4 Bxb2 21. Rae1 Bf6 22. Nxc6 Qxc6 23. Bb4 Be7 24. Bxe7 Rxe7 25. Na5 Qc7 26. Nxb7 Qxb7 27. f5 exf5 28. Qxf5 Rxe1 29. Rxe1 Qf7 30. Qxf7+ Kxf7 31. c4 dxc4 32. Bxc4+ Kg6 33. a5 Kf6 34. Kg1 Ng6 35. Re6+ Kf5 36. Rxa6 Rc8 37. Be6+ 1-0


[Site "https://www.chess.com"]

[Event "Titled Tuesday Blitz February 14 Early 2023"]
[White "Gimenez Aguirre, Alejo Ismael"]
[Black "Lesbekova, Assel"]
[WhiteFideId "32041667"]
[BlackFideId "13713248"]
[WhiteElo "2273"]
[BlackElo "1772"]
[Result "1-0"]
[Round "01"]
[TimeControl "180+2"]
[Date "2023.02.15"]
[WhiteClock "0:00:11"]
[BlackClock "0:00:06"]

1. e4 c5 2. Nf3 Nc6 3. Bb5 e6 4. O-O Nge7 5. d4 cxd4 6. Nxd4 a6 7. Ba4 Nxd4 8. Qxd4 b5 9. Bb3 Nc6 10. Qd3 Be7 11. a4 b4 12. Nd2 a5 13. Qg3 O-O 14. Nc4 Bh4 15. Qg4 d5 16. Ne3 d4 17. Nc4 e5 18. Qe2 Kh8 19. g3 Be7 20. f4 Ba6 21. fxe5 Nxe5 22. Bf4 d3 23. cxd3 Qxd3 24. Qxd3 Nxd3 25. Rab1 Rac8 26. Nxa5 Nc5 27. Rfd1 Bd8 28. Bd6 Bxa5 29. Bxf8 Rxf8 30. Bd5 Nd3 31. b3 Bb6+ 32. Kg2 Nc5 33. Rbc1 g6 34. Rd2 Kg7 35. h4 Re8 36. Re1 Re5 37. Rd4 Nd3 38. Rxd3 Bxd3 39. Kf3 f5 40. Kf4 Kf6 41. g4 fxg4 42. Kxg4 h5+ 43. Kf4 Bc7 44. Ke3 Ba6 45. Rc1 Bb6+ 46. Kf4 Bd4 47. Rc6+ Kg7 48. Rxa6 Re7 49. a5 Bf2 50. Rc6 Bxh4 51. a6 Ra7 52. Bc4 Bf2 53. e5 h4 54. Bd3 h3 55. Rxg6+ Kf7 56. Rh6 1-0


[Site "https://www.chess.com"]

[Event "Titled Tuesday Blitz February 14 Early 2023"]
[White "Dzhaparov, Medet"]
[Black "Maltsevskaya, Aleksandra"]
[WhiteFideId "13803689"]
[BlackFideId "24174041"]
[WhiteElo "1578"]
[BlackElo "2390"]
[Result "0-1"]
[Round "01"]
[TimeControl "180+2"]
[Date "2023.02.15"]
[WhiteClock "0:02:01"]
[BlackClock "0:02:32"]

1. e4 c6 2. d4 d5 3. exd5 cxd5 4. Nf3 Nc6 5. Bb5 Bd7 6. Bxc6 Bxc6 7. O-O e6 8. Ne5 Bd6 9. Nxc6 bxc6 10. Nc3 Ne7 11. Re1 O-O 12. Ne2 a5 13. Bf4 c5 14. Bxd6 Qxd6 15. dxc5 Qxc5 16. c3 Rab8 17. Rb1 Qc7 18. Qd2 Nc6 19. Qf4 e5 20. Qg3 f6 21. h4 Qf7 22. Rbd1 Rxb2 23. Qd3 Rd8 24. Qa6 Qb7 25. Qxb7 Rxb7 26. Rb1 Rdb8 27. Rxb7 Rxb7 28. Rd1 Rb2 29. Kf1 Ne7 30. Ra1 a4 31. Ke1 Kf7 32. Nc1 Rc2 33. Ne2 Nc6 34. Kd1 Rb2 35. g3 Na5 36. f4 Ke6 37. fxe5 fxe5 38. Nc1 Nc4 39. Nd3 Rd2+ 40. Ke1 Rxd3 0-1


[Site "https://www.chess.com"]

[Event "Titled Tuesday Blitz February 14 Early 2023"]
[White "Raahul V S"]
[Black "mestrefeitosa19"]
[WhiteFideId "25035525"]
[WhiteElo "2299"]
[BlackElo "2211"]
[Result "1-0"]
[Round "01"]
[TimeControl "180+2"]
[Date "2023.02.15"]
[WhiteClock "0:01:07"]
[BlackClock "0:00:01"]

1. c4 e6 2. Nc3 d5 3. d4 Nf6 4. cxd5 exd5 5. Bg5 Be7 6. e3 O-O 7. Bd3 h6 8. Bh4 b6 9. Nf3 Bb7 10. O-O Nbd7 11. Ne5 Nxe5 12. dxe5 Ne4 13. Bxe7 Qxe7 14. f4 Qc5 15. Qe1 Nxc3 16. bxc3 Rad8 17. h4 Qe7 18. h5 c5 19. Qg3 d4 20. cxd4 cxd4 21. e4 Rc8 22. f5 Qg5 23. Qxg5 hxg5 24. Rfc1 Rfe8 25. e6 fxe6 26. fxe6 Kf8 27. Rf1+ Kg8 28. Rf7 Bc6 29. Rxa7 Kh8 30. Rf1 Rxe6 31. Rff7 Bxe4 32. Bxe4 Rxe4 33. Rxg7 Rc1+ 34. Kf2 Rc2+ 35. Kg3 Rc3+ 36. Kh2 Rh4+ 37. Kg1 Rc1+ 38. Kf2 Rc2+ 39. Kf3 Rf4+ 40. Kg3 Rc3+ 41. Kh2 Rh4+ 42. Kg1 Rc1+ 43. Kf2 Rc2+ 44. Kg3 Rf4 45. Rxg5 Re4 46. Rd5 Re3+ 47. Kh2 1-0


[Site "https://www.chess.com"]

[Event "Titled Tuesday Blitz February 14 Early 2023"]
[White "Nugumanov, Bakhtiyar"]
[Black "Orzech, Dominik"]
[WhiteFideId "13701797"]
[BlackFideId "1115065"]
[WhiteElo "2316"]
[BlackElo "2308"]
[Result "0-1"]
[Round "01"]
[TimeControl "180+2"]
[Date "2023.02.15"]
[WhiteClock "0:00:20"]
[BlackClock "0:02:00"]

1. Nf3 c6 2. c4 Nf6 3. g3 g6 4. Bg2 Bg7 5. O-O O-O 6. d4 d6 7. Nc3 Be6 8. d5 cxd5 9. cxd5 Bd7 10. e4 Qb6 11. Qe2 Na6 12. Be3 Nc5 13. e5 dxe5 14. Nxe5 Bf5 15. Na4 Rac8 16. Nxb6 axb6 17. Rac1 Nfe4 18. Bxc5 bxc5 19. Bxe4 Bxe4 20. Qxe4 b6 21. Nd7 Rfe8 0-1


[Site "https://www.chess.com"]

[Event "Titled Tuesday Blitz February 14 Early 2023"]
[White "Golubev, Mikhail"]
[Black "Cramling Bellon, Anna"]
[WhiteFideId "14100983"]
[BlackFideId "32009232"]
[WhiteElo "2461"]
[BlackElo "2043"]
[Result "1-0"]
[Round "01"]
[TimeControl "180+2"]
[Date "2023.02.15"]
[WhiteClock "0:00:33"]
[BlackClock "0:00:02"]

1. e4 c5 2. Nf3 e6 3. d4 cxd4 4. Nxd4 Nf6 5. Nc3 Nc6 6. Ndb5 d6 7. Bf4 e5 8. Bg5 a6 9. Na3 b5 10. Bxf6 gxf6 11. Nd5 f5 12. exf5 Bxf5 13. c3 Bg7 14. Nc2 O-O 15. Nce3 Be6 16. Bd3 f5 17. O-O e4 18. Nf4 Bf7 19. Bc2 Qg5 20. Nh3 Qf6 21. f3 Bh6 22. Nd5 Qe5 23. fxe4 Bxd5 24. Qxd5+ Qxd5 25. exd5 Ne7 26. Rae1 Rae8 27. Nf4 Bxf4 28. Rxf4 Nxd5 29. Rxe8 Nxf4 30. Rxf8+ Kxf8 31. Bxf5 h6 32. Kf2 Ke7 33. Kf3 Nd5 34. Be4 Nb6 35. b3 a5 36. Kf4 b4 37. c4 Nd7 38. g4 Kf6 39. h4 Nc5 40. g5+ hxg5+ 41. hxg5+ Kg7 42. Kf5 a4 43. Bc2 axb3 44. axb3 Kf7 45. g6+ Kg7 46. Bd1 Nd3 47. Ke6 Nf4+ 48. Kxd6 Nxg6 49. c5 Nf4 50. c6 1-0


[Site "https://www.chess.com"]

[Event "Titled Tuesday Blitz February 14 Early 2023"]
[White "De Souza, Cristiano Gomes"]
[Black "Ordekalog"]
[WhiteFideId "2151758"]
[WhiteElo "2018"]
[BlackElo "2544"]
[Result "1/2-1/2"]
[Round "01"]
[TimeControl "180+2"]
[Date "2023.02.15"]
[WhiteClock "0:00:29"]
[BlackClock "0:00:23"]

1. d4 d5 2. c4 e6 3. Nf3 c5 4. cxd5 exd5 5. Nc3 Nc6 6. Bg5 Be7 7. Bxe7 Ngxe7 8. e3 cxd4 9. Nxd4 O-O 10. Be2 Qb6 11. Qd2 Nxd4 12. exd4 Be6 13. O-O Nf5 14. Rfd1 Rad8 15. Bf3 Nh4 16. Qf4 Nxf3+ 17. Qxf3 Qxb2 18. Rab1 Qa3 19. Rxb7 Rc8 20. Nxd5 Rc1 21. Ne3 Rxd1+ 22. Qxd1 Qxa2 23. h3 Rd8 24. d5 h6 25. Qf3 Bxd5 26. Nxd5 Qxd5 27. Qxd5 Rxd5 28. Rxa7 Rd2 29. g3 h5 30. Kg2 g6 31. h4 Kg7 32. Ra6 Rb2 33. Rc6 Ra2 34. Rb6 Rc2 35. Rd6 Rb2 36. Ra6 Rc2 37. Rb6 Ra2 38. Rc6 Rb2 39. Rd6 Ra2 40. Rc6 Rb2 41. Rd6 1/2-1/2


[Site "https://www.chess.com"]

[Event "Titled Tuesday Blitz February 14 Early 2023"]
[White "Shapiro, Viktor"]
[Black "Zampronha, Wladimir Camilo"]
[WhiteFideId "4175700"]
[BlackFideId "2103087"]
[WhiteElo "2192"]
[BlackElo "2176"]
[Result "1-0"]
[Round "01"]
[TimeControl "180+2"]
[Date "2023.02.15"]
[WhiteClock "0:01:51"]
[BlackClock "0:01:41"]

1. c4 Nf6 2. Nc3 e6 3. g3 d5 4. Bg2 Be7 5. Nf3 O-O 6. O-O d4 7. Na4 c5 8. d3 Nc6 9. e3 e5 10. exd4 exd4 11. Re1 Bg4 12. h3 Bh5 13. g4 Bg6 14. Ne5 Nxe5 15. Rxe5 Bd6 16. Rxc5 Bxc5 17. Nxc5 Qc7 18. b4 Nd7 19. Nxb7 Rab8 20. Na5 Rxb4 21. Nc6 Rb6 22. Ne7+ Kh8 23. Nd5 Qc5 24. a4 Re8 25. Nxb6 Qc8 26. Nxc8 1-0


[Site "https://www.chess.com"]

[Event "Titled Tuesday Blitz February 14 Early 2023"]
[White "ritanovikova"]
[Black "Sharapov, Evgeny"]
[BlackFideId "14103133"]
[WhiteElo "2179"]
[BlackElo "2375"]
[Result "0-1"]
[Round "01"]
[TimeControl "180+2"]
[Date "2023.02.15"]
[WhiteClock "0:00:03"]
[BlackClock "0:01:22"]

1. e4 c5 2. Nc3 Nc6 3. d3 g6 4. Be3 d6 5. Qd2 Bg7 6. g3 e5 7. Bg2 Nge7 8. Bh6 Bxh6 9. Qxh6 Be6 10. Qg7 Kd7 11. Nd5 Qf8 12. Qf6 Bxd5 13. exd5 Nd4 14. O-O-O Kc7 15. c3 Ndf5 16. g4 Ng7 17. Ne2 Ne8 18. Qh4 f5 19. g5 h6 20. Qg3 hxg5 21. Qxg5 Qh6 22. h4 Qxg5+ 23. hxg5 Ng7 24. f4 Nh5 25. fxe5 dxe5 26. d4 cxd4 27. cxd4 e4 28. Nc3 Nf4 29. Rxh8 Rxh8 30. Bf1 Nexd5 31. Nb5+ Kb6 32. a4 Rh1 33. Nd6 Ne3 34. Nc4+ Nxc4 35. Bxc4 Rxd1+ 36. Kxd1 Nh3 37. Bf7 Nxg5 38. Bxg6 f4 39. b4 a5 40. b5 Kc7 41. Ke2 b6 42. Kf2 Kd6 43. Ke2 Kd5 0-1


[Site "https://www.chess.com"]

[Event "Titled Tuesday Blitz February 14 Early 2023"]
[White "Veiga, Jose Francisco R P Neves"]
[Black "Floresvillar Gonzalez, Luis Migu"]
[WhiteFideId "1930087"]
[BlackFideId "5100542"]
[WhiteElo "2406"]
[BlackElo "2043"]
[Result "1-0"]
[Round "01"]
[TimeControl "180+2"]
[Date "2023.02.15"]
[WhiteClock "0:01:48"]
[BlackClock "0:00:06"]

1. Nf3 d5 2. c4 c6 3. e3 Bg4 4. Qb3 Qb6 5. Ne5 Qxb3 6. axb3 Be6 7. Nc3 Nd7 8. Nxd7 Kxd7 9. d4 Nf6 10. Bd3 a6 11. Na4 Kc7 12. Bd2 Nd7 13. e4 dxe4 14. Bxe4 g6 15. Bf4+ Kc8 16. d5 cxd5 17. cxd5 Bf5 18. Rc1+ Kd8 19. Bxf5 gxf5 20. Ke2 Bg7 21. Rc7 b5 22. Rxd7+ Kxd7 23. Nb6+ Kd8 24. Nxa8 e5 25. dxe6 fxe6 26. Rd1+ Kc8 27. Nb6+ Kb7 28. Rd7+ Kxb6 29. Rxg7 h5 30. Be3+ Ka5 31. Bc5 e5 32. Kd3 e4+ 33. Kc3 Rc8 34. b4+ Ka4 35. Ra7 Rc6 36. b3+ Ka3 37. g3 h4 38. gxh4 f4 39. h5 e3 40. fxe3 fxe3 41. Kd3 Kxb3 42. Kxe3 a5 43. Rxa5 Kc4 44. Kf4 Re6 45. Ra8 Re2 46. h4 Rg2 47. h6 Rg6 48. h7 Rh6 49. h8=Q 1-0


[Site "https://www.chess.com"]

[Event "Titled Tuesday Blitz February 14 Early 2023"]
[White "Hartikainen, Jarmo"]
[Black "Martin Duque, Jesus"]
[WhiteFideId "503134"]
[BlackFideId "2208954"]
[WhiteElo "2108"]
[BlackElo "2386"]
[Result "0-1"]
[Round "01"]
[TimeControl "180+2"]
[Date "2023.02.15"]
[WhiteClock "0:00:13"]
[BlackClock "0:00:55"]

1. e4 c5 2. c3 d5 3. exd5 Nf6 4. d4 Qxd5 5. Nf3 Nc6 6. Na3 e6 7. Be3 cxd4 8. Nb5 Qd7 9. Nbxd4 a6 10. Bd3 b5 11. O-O Bb7 12. Qc2 Nd5 13. Bd2 Nxd4 14. Nxd4 Bd6 15. Rfe1 Qc7 16. h3 Bh2+ 17. Kh1 Bf4 18. Rad1 h6 19. a4 Bxd2 20. Rxd2 b4 21. cxb4 Qxc2 22. Nxc2 O-O-O 23. b5 Nf4 24. Nb4 Bxg2+ 25. Kh2 a5 26. Rc1+ Kb7 27. Nc6 Rxd3 28. Nxa5+ Ka8 29. Rxd3 Nxd3 30. Rc7 Bd5 31. Rxf7 Nxb2 32. Rxg7 Nxa4 33. Nc6 Bxc6 34. bxc6 Nc5 35. Kg3 Rc8 36. Rg6 h5 37. Rh6 Rxc6 38. Rxh5 Kb7 39. Re5 Kc7 40. h4 Kd6 41. Re3 e5 42. h5 Kd5 43. f4 e4 44. Kg4 Nd7 45. Kg5 Kd4 46. Re1 Nf8 47. f5 Nh7+ 48. Kf4 Nf6 49. h6 Rc3 50. h7 Rf3+ 51. Kg5 Nxh7+ 52. Kg6 Nf8+ 53. Kf7 Rxf5+ 54. Ke7 e3 0-1


[Site "https://www.chess.com"]

[Event "Titled Tuesday Blitz February 14 Early 2023"]
[White "Ibadov, Dashgyn"]
[Black "Hertlein, Irena"]
[WhiteFideId "24107514"]
[BlackFideId "21817618"]
[WhiteElo "2391"]
[BlackElo "1994"]
[Result "1-0"]
[Round "01"]
[TimeControl "180+2"]
[Date "2023.02.15"]
[WhiteClock "0:01:02"]
[BlackClock "0:01:23"]

1. e4 c5 2. Nf3 e6 3. d4 cxd4 4. Nxd4 a6 5. Nc3 b5 6. Bd3 Qb6 7. Nf3 Qc7 8. O-O Nc6 9. Re1 Bd6 10. Bg5 Bf4 11. Bxf4 Qxf4 12. a4 b4 13. Ne2 Qc7 14. Ng3 h5 15. e5 h4 16. Ne4 Nxe5 17. Nxe5 Qxe5 18. Bb5 axb5 19. Nd6+ Qxd6 20. Qxd6 bxa4 21. b3 a3 22. Qxb4 Nf6 23. Rxa3 Rxa3 24. Qxa3 Bb7 25. Qa7 Bc8 26. b4 O-O 27. b5 d5 28. b6 Bd7 29. b7 1-0


[Site "https://www.chess.com"]

[Event "Titled Tuesday Blitz February 14 Early 2023"]
[White "Putri, Regita Desyari"]
[Black "Chor, Kevin"]
[WhiteFideId "7109083"]
[BlackFideId "2090740"]
[WhiteElo "1863"]
[BlackElo "1944"]
[Result "0-1"]
[Round "01"]
[TimeControl "180+2"]
[Date "2023.02.15"]
[WhiteClock "0:01:27"]
[BlackClock "0:01:23"]

1. d4 Nf6 2. c4 g6 3. Nf3 Bg7 4. g3 O-O 5. Bg2 d6 6. O-O Nc6 7. Nc3 Bf5 8. b3 Ne4 9. Bb2 Nxc3 10. Bxc3 Be4 11. Ne1 Bxg2 12. Kxg2 d5 13. e3 e5 14. dxe5 dxc4 15. f4 cxb3 16. axb3 Qe7 17. Qc2 Rfd8 18. Nf3 Qc5 19. Rfe1 Nb4 20. Qb2 Nd3 21. Bd4 Qd5 22. Qc3 Nxe1+ 23. Rxe1 Rac8 24. b4 b6 25. e4 Qb5 26. Ra1 c5 27. bxc5 bxc5 28. Bf2 Rd3 0-1


[Site "https://www.chess.com"]

[Event "Titled Tuesday Blitz February 14 Early 2023"]
[White "Shimelkov, Vasiliy"]
[Black "Thiel, Thomas"]
[WhiteFideId "13701630"]
[BlackFideId "4615964"]
[WhiteElo "2159"]
[BlackElo "2234"]
[Result "1-0"]
[Round "01"]
[TimeControl "180+2"]
[Date "2023.02.15"]
[WhiteClock "0:01:03"]
[BlackClock "0:01:32"]

1. d4 Nf6 2. Nf3 g6 3. c4 Bg7 4. Nc3 d5 5. Qb3 dxc4 6. Qxc4 O-O 7. e4 Nc6 8. Be2 e5 9. d5 Nd4 10. Nxd4 exd4 11. Qxd4 Re8 12. e5 Nd7 13. f4 Nxe5 14. fxe5 Bxe5 15. Qc4 Bxc3+ 16. bxc3 b5 17. Qd4 Qe7 18. O-O Qxe2 19. Bh6 Qe5 20. Qf2 Qe7 21. Rae1 Qd7 22. Qf6 1-0


[Site "https://www.chess.com"]

[Event "Titled Tuesday Blitz February 14 Early 2023"]
[White "Sabar, Ethmane Daouda"]
[Black "Badelka, Olga"]
[WhiteFideId "19600097"]
[BlackFideId "13509926"]
[WhiteElo "2040"]
[BlackElo "2406"]
[Result "0-1"]
[Round "01"]
[TimeControl "180+2"]
[Date "2023.02.15"]
[WhiteClock "0:00:01"]
[BlackClock "0:00:17"]

1. e4 c5 2. a3 g6 3. b4 Bg7 4. c3 b6 5. d4 cxd4 6. cxd4 Nc6 7. Nf3 d6 8. h3 Nf6 9. Nc3 O-O 10. Be3 Bb7 11. Bd3 Rc8 12. Rc1 Ne8 13. O-O Nc7 14. Qe2 e5 15. d5 Nd4 16. Bxd4 exd4 17. Nb5 Nxb5 18. Bxb5 Qf6 19. Bc6 Rb8 20. Qd3 Qf4 21. Nxd4 Be5 22. Nf3 Bb2 23. Rc2 Bf6 24. g3 Qh6 25. Kh2 Bc8 26. Ng1 g5 27. Kg2 g4 28. h4 Be5 29. Ne2 f5 30. Nf4 fxe4 31. Qxe4 Bf5 32. Qc4 Bxc2 33. Qxc2 Bxf4 34. gxf4 Qxf4 35. Qd3 Rf6 36. Qg3 Rbf8 37. Qxf4 Rxf4 38. Bd7 h5 39. Be6+ Kg7 40. a4 Rf3 41. a5 g3 42. axb6 axb6 43. b5 Rxf2+ 44. Rxf2 gxf2 45. Kf1 Rf4 46. Bd7 Kf6 47. Bc6 Ke5 48. Bd7 Kd4 49. Bc6 Ke3 50. Bd7 Rxh4 51. Bh3 Rxh3 0-1


[Site "https://www.chess.com"]

[Event "Titled Tuesday Blitz February 14 Early 2023"]
[White "Sonnenschein, Philipp"]
[Black "Kohler, Aran"]
[WhiteFideId "16250877"]
[BlackFideId "1002856"]
[WhiteElo "2224"]
[BlackElo "2010"]
[Result "1-0"]
[Round "01"]
[TimeControl "180+2"]
[Date "2023.02.15"]
[WhiteClock "0:00:14"]
[BlackClock "0:00:13"]

1. e4 c6 2. d4 d5 3. exd5 cxd5 4. Bd3 a6 5. h3 Nc6 6. c3 Nf6 7. Bf4 e6 8. Nf3 Be7 9. O-O O-O 10. Nbd2 b5 11. Qe2 Bb7 12. b4 g6 13. Nb3 Re8 14. a4 bxa4 15. Rxa4 a5 16. b5 Nb8 17. Rfa1 Ne4 18. Bxe4 dxe4 19. Ne5 f6 20. Nc4 e3 21. Nxe3 Nd7 22. Nxa5 Qc8 23. c4 e5 24. dxe5 Nc5 25. R4a2 Be4 26. Nd5 fxe5 27. Nxe7+ Rxe7 28. Be3 Rxa5 29. Rxa5 Nb3 30. Bg5 Nxa5 31. Rxa5 Rd7 32. Qxe4 Rd1+ 33. Kh2 Qc7 34. Ra8+ Kg7 35. Rd8 Rxd8 36. Bxd8 Qxd8 37. Qxe5+ Kh6 38. Qf4+ Kg7 39. c5 Qd7 40. b6 Qc6 41. Qc7+ 1-0


[Site "https://www.chess.com"]

[Event "Titled Tuesday Blitz February 14 Early 2023"]
[White "Ruge, Edison"]
[Black "Parpiev, Isaak"]
[WhiteFideId "4401000"]
[BlackFideId "34281576"]
[WhiteElo "2201"]
[BlackElo "2167"]
[Result "0-1"]
[Round "01"]
[TimeControl "180+2"]
[Date "2023.02.15"]
[WhiteClock "0:00:02"]
[BlackClock "0:00:14"]

1. e4 c5 2. Nc3 Nc6 3. f4 d6 4. Nf3 g6 5. Bb5 Bg7 6. Bxc6+ bxc6 7. d3 e6 8. O-O Ne7 9. Qe1 O-O 10. Qg3 f5 11. Bd2 Rb8 12. b3 fxe4 13. dxe4 d5 14. Rad1 Qb6 15. Na4 Qb5 16. Ng5 h6 17. Nf3 dxe4 18. Ne5 Nf5 19. Qxg6 e3 20. c4 Qb7 21. Bc3 e2 22. Nxc5 exf1=Q+ 23. Rxf1 Qe7 24. Ne4 Bb7 25. Ng4 Kh8 26. Be5 Bxe5 27. Nxe5 Qg7 28. Qxe6 Rbd8 29. Ng6+ Kh7 30. Nxf8+ Rxf8 31. c5 Ne3 32. g3 Nxf1 33. Kxf1 Ba6+ 34. Kg2 Bc8 35. Qd6 Bf5 36. Nf2 Qf6 37. Qc7+ Rf7 38. Qb8 Rd7 39. g4 Bg6 40. f5 Bf7 0-1


[Site "https://www.chess.com"]